 Dungeon Crawl Stone Soup version 0.29-a0-298-g3c90f9a769 (webtiles) character file.

Game seed: 11514024651675199508

35 Dabor the Stinger (level 3, -8/19 HPs)
             Began as a Deep Elf Venom Mage on Mar 23, 2022.
             Engulfed by a cloud of flame (27 damage)
             ... on level 1 of the Dungeon.
             The game lasted 00:02:03 (1463 turns).

Dabor the Stinger (Deep Elf Venom Mage)             Turns: 1463, Time: 00:02:03

Health: -8/19      AC:  2    Str:  5    XL:     3   Next: 17%
Magic:  10/10      EV: 13    Int: 21    God:
Gold:   17         SH:  0    Dex: 15    Spells: 6/9 levels left

rFire   . . .      SeeInvis .   d - +2 falchion (protect)
rCold   . . .      Faith    .   (no shield)
rNeg    . . .      Spirit   .   a - +0 robe
rPois   .          Reflect  .   (no helmet)
rElec   .          Harm     .   (no cloak)
rCorr   .          Rampage  .   (no gloves)
Will    .....                   (no boots)
Stlth   ++........              (no amulet)
HPRegen 0.06/turn               (no ring)
MPRegen 0.12/turn               (no ring)

@: no status effects
A: no striking features
a: no special abilities


You were on level 1 of the Dungeon.
You visited 1 branch of the dungeon, and saw 1 of its levels.

You collected 17 gold pieces.

Inventory:

Hand Weapons
 d - a +2 falchion of protection (weapon)
Armour
 a - a +0 robe (worn)
Scrolls
 c - a scroll of immolation {unknown}
 e - a scroll of silence {unknown}
 f - a scroll of identify {unknown}
Potions
 b - a potion of curing {unknown}


   Skills:
 + Level 3.0 Dodging
 + Level 3.0 Stealth
 + Level 3.5 Spellcasting
 + Level 1.8 Transmutations
 + Level 3.6 Poison Magic


You had 6 spell levels left.
You knew the following spells:

 Your Spells              Type           Power      Damage    Failure   Level
a - Sting                 Tmut/Pois      60%        1d6       4%          1
b - Poisonous Vapours     Pois/Air       22%        N/A       9%          2

Your spell library contained the following spells:

 Spells                   Type           Power      Damage    Failure   Level
 Mephitic Cloud           Conj/Pois/Air  8%         N/A       24%         3
 Olgreb's Toxic Radiance  Pois           18%        N/A       28%         4


Dungeon Overview and Level Annotations

Branches:
Dungeon (1/15)

Altars:


Message History

Really walk into a travel-excluded area?
Found 12 gold pieces.
Things that are here:
a +0 club; 2 stones; a kobold corpse A bat is nearby!
Memorise Poisonous Vapours, consuming 2 spell levels and leaving 5?
You start memorising the spell.
You continue memorising. x2
You finish memorising.
Spell assigned to 'b'.
Casting: Sting (safe; 4% risk of failure)
Confirm with . or Enter, or press ? or * to list all spells.
Aiming: Poisonous Vapours (safe; 9% risk of failure)
Press: ? - help, Dir - move target, f - bat
Aim: a bat Poisonous vapours surround the bat!
The bat is poisoned.
Casting: Poisonous Vapours (safe; 9% risk of failure)
Confirm with . or Enter, or press ? or * to list all spells.
Aiming: Poisonous Vapours (safe; 9% risk of failure)
Press: ? - help, Dir - move target, f/p - bat
Aim: a bat (heavily wounded, poisoned) Poisonous vapours surround the bat!
The bat looks even sicker.
Casting: Poisonous Vapours (safe; 9% risk of failure)
Confirm with . or Enter, or press ? or * to list all spells.
Aiming: Poisonous Vapours (safe; 9% risk of failure)
Press: ? - help, Dir - move target, f/p - bat
Aim: a bat (severely wounded, very poisoned) Poisonous vapours surround the bat!
The bat looks even sicker.
You kill the bat!
Your Dodging skill increases to level 3!
Things that are here:
a +0 club; 2 stones; a kobold corpse You start resting.
Magic restored.
You start waiting.
Done waiting.
You start waiting.
Done waiting.
Really walk into a travel-excluded area?
You are engulfed in blazing flames.
Ouch! That really hurt!
You die...

####...## §§..$..
§...$. .$.$. ..####
#.÷.# #....# #○☼§#
#....# #☼§§# #....#
#### #°○@#
#....####... #...#
###....#....##
##)####...........##
#.............##..#
######......#.###..
########......
###.... ##... ####


There were no monsters in sight!

Vanquished Creatures
  3 dart slugs (D:1)
  A ball python (D:1)
  3 endoplasms (D:1)
  3 giant cockroaches (D:1)
  3 goblins (D:1)
  2 hobgoblins (D:1)
  2 quokkas (D:1)
  5 bats (D:1)
  3 kobolds (D:1)
25 creatures vanquished.

Vanquished Creatures (others)
  An endoplasm (D:1)
1 creature vanquished.

Grand Total: 26 creatures vanquished

Notes
Turn   | Place    | Note
-------+----------+-------------------------------------------
     0 | D:1      | Dabor the Deep Elf Venom Mage began the quest for the Orb.
     0 | D:1      | Reached XP level 1. HP: 10/10 MP: 6/6
   118 | D:1      | Reached XP level 2. HP: 3/15 MP: 4/8
   877 | D:1      | Reached XP level 3. HP: 18/19 MP: 6/9
  1198 | D:1      | Learned a level 2 spell: Poisonous Vapours
  1463 | D:1      | Engulfed by a cloud of flame

Illustrated notes

Levels and vault maps discovered:
D:1:      wheals_arrival_linesprint, layout_rooms, minmay_strange_pillars,
          minmay_statues_item, lemuel_flame_loot_1

Skill      XL: |  1  2  3 |
---------------+----------+-----
Stealth        | 3 |  3.0
Dodging        | 3 |  3.0
Spellcasting   | |  3.5
Transmutations | |  1.8
Poison Magic   | |  3.6

Action                   || total
-------------------------++-------
Melee: Unarmed           ||     3
       Falchion          ||     1
 Cast: Sting             ||    50
       Poisonous Vapours ||     3
  Use: Potion            ||     1
Armor: Robe              ||     8
Dodge: Dodged            ||    21

Table legend: (Time is in decaauts)
 A = Elapsed time spent in this place.
 B = Non-inter-level travel time spent in this place.
 C = Inter-level travel time spent in this place.
 D = Time resting spent in this place.
 E = Time spent auto-exploring this place.
 F = Levels seen in this place.
 G = Mean time per level.
                   A        B        C        D        E       F      G
               +--------+--------+--------+--------+--------+-----+--------+
         Total |   1462 |   1462 |      0 |    256 |   1046 |   1 | 1462.0 |
       Dungeon |   1462 |   1462 |      0 |    256 |   1046 |   1 | 1462.0 |
               +--------+--------+--------+--------+--------+-----+--------+

Top non-repeatable levels by time:
     D:1: 1462 daAuts
